 Dungeon Crawl Stone Soup version 0.14.0-12-g87ee3b7 (webtiles) character file.

679 Ragg the Charmwright (level 6, -3/32 HPs)
             Began as a Deep Elf Conjurer on Apr 16, 2014.
             Slain by Duvessa
             ... wielding a +1,+0 cutlass
              (10 damage)
             ... on Level 5 of the Dungeon.
             The game lasted 00:13:25 (2949 turns).

Ragg the Charmwright (Deep Elf Conjurer)            Turns: 2949, Time: 00:13:26

HP  -3/32        AC  7     Str  5      XL: 6   Next: 92%
MP   4/18        EV 13     Int 22      God:
Gold 186         SH  0     Dex 15      Spells:  4 memorised,  0 levels left

rFire  + . .     SeeInvis .     h - +4,+2 dagger
rCold  . . .     Clarity  .     p - +2 robe
rNeg   . . .     Conserve .     (no shield)
rPois  .         rCorr    .     a - +2 helmet
rElec  .         rRot     .     (no cloak)
SustAb . .       Spirit   .     (no gloves)
rMut   .         Warding  .     (no boots)
Saprov . . .     Stasis   +     n - amulet of stasis {unknown}
MR     .....                    (no ring)
                                g - ring of protection from fire

@: not resistant to hostile enchantments, fairly stealthy
A: no striking features
a: no special abilities


You were on level 5 of the Dungeon.
You were hungry.

You visited 1 branch of the dungeon, and saw 5 of its levels.

You collected 186 gold pieces.

Inventory:

Hand weapons
 h - a +4,+2 dagger (weapon)
Armour
 a - a +2 helmet (worn)
 p - a +2 robe (worn)
Magical devices
 q - a wand of confusion (7)
Comestibles
 b - 4 bread rations
 f - 2 apples
 k - 2 meat rations
Scrolls
 d - 4 scrolls of identify {unknown}
 e - 4 scrolls of remove curse {unknown}
 l - a scroll of random uselessness {unknown}
 m - a scroll of fog {unknown}
 r - a scroll of blinking {unknown}
 s - 2 scrolls of enchant weapon I {unknown}
 v - a scroll of teleportation {unknown}
 w - a scroll of immolation {unknown}
 x - a scroll of recharging {unknown}
Jewellery
 g - a ring of protection from fire (left hand)
 n - an amulet of stasis (around neck) {unknown}
Potions
 j - 2 potions of curing {unknown}
 o - 2 potions of might {unknown}
 t - a potion of brilliance {unknown}
Books
 c - a book of Conjurations

   Spells                             Type                      Level
   *Magic Dart                        Conjuration                  1
   Searing Ray                        Conjuration                  2
   Dazzling Spray                     Conjuration/Hexes            3
   Fulminant Prism                    Conjuration/Hexes            4
   *Iskenderun's Mystic Blast         Conjuration                  4
   *Iskenderun's Battlesphere         Conjuration/Charms           5
 i - a book of Geomancy

   Spells                             Type                      Level
   Sandblast                          Earth                        1
   Stoneskin                          Transmutation/Earth          2
   Passwall                           Transmutation/Earth          3
   Stone Arrow                        Conjuration/Earth            3
   Petrify                            Transmutation/Earth          4
   Lee's Rapid Deconstruction         Earth                        5
 u - a book of Beasts

   Spells                             Type                      Level
   *Summon Butterflies                Summoning                    1
   Call Canine Familiar               Summoning                    3
   Summon Ice Beast                   Ice/Summoning                4
   Summon Mana Viper                  Hexes/Summoning              5
   Monstrous Menagerie                Summoning                    6
   Summon Hydra                       Summoning                    7


   Skills:
 - Level 2.4 Dodging
 - Level 2.4 Stealth
 - Level 3.0 Spellcasting
 + Level 7.0 Conjurations
 + Level 7.4 Charms


You couldn't memorise any spells.
You knew the following spells:

 Your Spells              Type           Power        Failure   Level  Hunger
a - Magic Dart            Conj           ####         1%          1    None
b - Iskenderun's Battles  Conj/Chrm      #####...     21%         5    #####..
c - Iskenderun's Mystic   Conj           ####....     10%         4    ####...
d - Summon Butterflies    Summ           #.......     14%         1    None


Dungeon Overview and Level Annotations

Branches:
Dungeon (5/15)
 Temple: D:4-7

Altars:
Elyvilon

Annotations:
D:3 exclusion: door, MDvedh's ghost, average TrDK
D:4 Natasha
D:5 Dowan; Duvessa


Message History

Aiming: Magic Dart
Press: ? - help, Shift-Dir - straight line, f/p - Duvessa
Aim: Duvessa, wielding a cutlass and wearing a runed scale mail (almost dead)
The magic dart hits Duvessa.
Duvessa is almost dead.
Dowan gestures at Duvessa while chanting.
Duvessa seems to speed up.
Duvessa hits you with a cutlass.
* * * LOW HITPOINT WARNING * * *
Casting: Magic Dart
Confirm with . or Enter, or press ? or * to list all spells.
Duvessa closely misses you. Dowan completely misses you.
You swap places.
Duvessa completely misses your butterfly.
Dowan's robes are whipped around by a magical breeze.
Dowan gestures at you while chanting. The puff of frost hits your butterfly.
Your butterfly dies!
Dowan gestures wildly while chanting.
Dowan blinks!
Duvessa hits you with a cutlass!
You die...

#.# #.# # ## #######.########. #
#. .................. # ..
.................. # #.
#######.######### ## #b #.#
.############.#########.#######
...........bb..e@....>..........
.## #######ยง#################
.######## #b .......... ..
#.####### ### ......# #.###.#
#... #..##


You could see Duvessa.

Vanquished Creatures
  Prince Ribbit (D:4)
  A scorpion (D:5)
  A hound (D:5)
  3 worker ants
  Jessica (D:2)
  5 adders
  A giant mite (D:2)
  An orc skeleton (D:4)
  A giant gecko (D:1)
  4 orcs
  6 bats
  A bat skeleton (D:5)
  2 giant cockroaches
  9 goblins
  13 hobgoblins
  7 jackals
  4 giant newts
  10 kobolds
  2 quokkas
  8 rats
  A rat zombie (D:5)
82 creatures vanquished.

Vanquished Creatures (others)
  A butterfly (D:5)
1 creature vanquished.

Grand Total: 83 creatures vanquished

Notes
Turn   | Place    | Note
--------------------------------------------------------------
     0 | D:1      | Ragg, the Deep Elf Conjurer, began the quest for the Orb.
     0 | D:1      | Reached XP level 1. HP: 10/10 MP: 5/5
   417 | D:1      | Reached XP level 2. HP: 15/15 MP: 4/8
   464 | D:1      | Reached skill level 5 in Conjurations
  1166 | D:2      | Reached XP level 3. HP: 19/19 MP: 6/10
  1388 | D:2      | Reached skill level 6 in Conjurations
  1396 | D:2      | Noticed Jessica
  1398 | D:2      | Killed Jessica
  1398 | D:2      | Reached XP level 4. HP: 24/24 MP: 9/13
  1992 | D:3      | Reached XP level 5. HP: 28/28 MP: 14/16
  1999 | D:3      | Learned a level 5 spell: Iskenderun's Battlesphere
  2004 | D:3      | Learned a level 4 spell: Iskenderun's Mystic Blast
  2035 | D:3      | Reached skill level 7 in Conjurations
  2067 | D:3      | Reached skill level 1 in Charms
  2088 | D:3      | Noticed MDvedh's ghost (average TrDK)
  2248 | D:4      | Noticed Prince Ribbit
  2263 | D:4      | Killed Prince Ribbit
  2263 | D:4      | Reached XP level 6. HP: 32/32 MP: 7/18
  2265 | D:4      | Noticed Natasha
  2275 | D:5      | Entered Level 5 of the Dungeon
  2765 | D:5      | Learned a level 1 spell: Summon Butterflies
  2784 | D:5      | Found a white marble altar of Elyvilon.
  2935 | D:5      | Noticed Duvessa
  2935 | D:5      | Noticed Dowan
  2949 | D:5      | Slain by Duvessa

Action                   |  1- 3 |  4- 6 || total
-------------------------+-------+-------++-------
Melee: Dagger            |       |     2 ||     2
 Cast: Magic Dart        |    70 |   123 ||   193
       Summon Butterflie |       |     1 ||     1
       Iskenderun's Batt |       |     1 ||     1
Evoke: Wand              |       |     1 ||     1
